 Dungeon Crawl Stone Soup version 0.29-a0-321-gf1c400731a (webtiles) character file.

Game seed: 1204199116905599955

5218 pokeman the Thaumaturge (level 10, -1/56 HPs)
             Began as a Deep Elf Hedge Wizard on Apr 3, 2022.
             Slain by horus123's ghost (3 damage)
             ... on level 8 of the Dungeon.
             The game lasted 00:27:21 (10039 turns).

pokeman the Thaumaturge (Deep Elf Hedge Wizard)    Turns: 10039, Time: 00:27:22

Health: -1/56      AC:  8    Str:  7    XL:     10   Next: 35%
Magic:  27/37      EV: 13    Int: 24    God:
Gold:   561        SH:  0    Dex: 16    Spells: 19/34 levels left

rFire   . . .      SeeInvis .   B - staff of conjuration
rCold   . . .      Faith    .   (no shield)
rNeg    . . .      Spirit   .   G - +0 steam dragon scales
rPois   .          Reflect  .   F - +2 hat
rElec   .          Harm     .   E - +0 cloak
rCorr   .          Rampage  .   (no gloves)
Will    +....                   (no boots)
Stlth   +++.......              o - amulet of magic regeneration
HPRegen 0.18/turn               v - ring "Utaowir" {Wiz +Blink Dex+2 Slay+3}
MPRegen 0.65/turn               x - ring of magical power

@: on blink cooldown
A: no striking features
a: Evoke Blink


You were on level 8 of the Dungeon.
You visited 2 branches of the dungeon, and saw 9 of its levels.

You collected 561 gold pieces.

Inventory:

Hand Weapons
 c - the +10 short sword "Leviticus" {antimagic, Will++}
   (You found it on level 6 of the Dungeon)

   It reduces the magical energy of the wielder, and disrupts the spells and
   magical abilities of those it strikes.
   Natural abilities and divine invocations are not affected.
   Will:      It greatly increases your willpower.
 u - a +2 hand axe of electrocution
 D - a +4 quarterstaff of chaos
Armour
 E - a +0 cloak (worn)
 F - a +2 hat (worn)
 G - +0 steam dragon scales (worn)
Magical Staves
 w - a staff of cold
 B - a staff of conjuration (weapon)
Jewellery
 n - an amulet of reflection
 o - an amulet of magic regeneration (around neck)
 p - a +6 ring of dexterity
 v - the ring "Utaowir" (left hand) {Wiz +Blink Dex+2 Slay+3}
   (You found it on level 5 of the Dungeon)

   [ring of wizardry]

   It improves your spell success rate.
   Dex:       It affects your dexterity (+2).
   Slay:      It affects your accuracy & damage with ranged weapons and melee
   (+3).
   +Blink:    It lets you blink.
 x - a ring of magical power (right hand)
Wands
 C - a wand of paralysis (10)
Scrolls
 b - 4 scrolls of immolation {unknown}
 e - 9 scrolls of identify {unknown}
 g - 2 scrolls of enchant armour {unknown}
 h - 3 scrolls of blinking {unknown}
 i - a scroll of amnesia {unknown}
 j - a scroll of silence {unknown}
 l - 3 scrolls of noise {unknown}
 m - 4 scrolls of vulnerability {unknown}
 q - a scroll of fear {unknown}
 r - 5 scrolls of teleportation {unknown}
 y - a scroll of magic mapping {unknown}
Potions
 a - 2 potions of attraction {unknown}
 d - 2 potions of magic
 f - a potion of haste {unknown}
 k - 4 potions of curing
 s - 2 potions of heal wounds
 t - 2 potions of cancellation {unknown}
 z - a potion of degeneration {unknown}
 A - a potion of lignification {unknown}


   Skills:
 + Level 3.6 Fighting
 - Level 3.0 Armour
 - Level 3.0 Dodging
 - Level 4.0 Stealth
 * Level 12.8 Spellcasting
 + Level 8.6 Conjurations
 - Level 1.1 Summonings
 - Level 1.1 Translocations
 + Level 6.3 Fire Magic
 - Level 1.0 Ice Magic
 - Level 1.0 Air Magic
 - Level 2.0 Poison Magic
 - Level 1.0 Evocations


You had 19 spell levels left.
You knew the following spells:

 Your Spells              Type           Power      Damage    Failure   Level
a - Magic Dart            Conj           100%       1d8       1%          1
b - Mephitic Cloud        Conj/Pois/Air  50%        N/A       1%          3
c - Call Imp              Summ           20%        N/A       1%          2
d - Blink                 Tloc           40%        N/A       1%          2
e - Conjure Flame         Conj/Fire      67%        6-21      1%          3
f - Airstrike             Air            10%        N/A       11%         4

Your spell library contained the following spells:

 Spells                   Type           Power      Damage    Failure   Level
 Apportation              Tloc           40%        N/A       1%          1
 Freeze                   Ice            80%        1d9       1%          1
 Shock                    Conj/Air       100%       1d9       1%          1
 Slow                     Hex            60%        N/A       1%          1
 Ensorcelled Hibernation  Hex/Ice        34%        N/A       1%          2
 Passwall                 Tmut/Erth      12%        N/A       2%          2
 Hailstorm                Conj/Ice       55%        3d12      2%          4
 Frozen Ramparts          Ice            40%        1d6       3%          3
 Swiftness                Air            20%        N/A       3%          3
 Alistair's Intoxication  Tmut/Pois      13%        N/A       28%         5


Dungeon Overview and Level Annotations

Branches:
Dungeon (8/15)             Temple (1/1) D:6
   Lair: D:8-11

Altars:
Cheibriados
Dithmenos
Elyvilon
Fedhas
Gozag
Hepliaklqana
Kikubaaqudgha
Makhleb
Nemelex Xobeh
Qazlal
Sif Muna
Trog
Wu Jian
Xom
Yredelemnul
Zin

Shops:
D:7 :

Annotations:
D:8 horus123's ghost, journeyman HuFi


Message History

Aiming: Airstrike (dangerous; 11% risk of failure)
Press: ? - help, Dir - move target, f/p - +0 war axe of chaos
Aim: a +0 war axe of chaos (almost destroyed, empty space bonus: 7/8)
The air twists around and strikes the +0 war axe of chaos!
The +0 war axe of chaos falls from the air.
Unknown command.
Casting: Airstrike (dangerous; 11% risk of failure)
Confirm with . or Enter, or press ? or * to list all spells.
You blink.
Horus123's ghost hits you. Horus123's ghost burns you.
Horus123's ghost attacks as you move away!
Horus123's ghost hits you! Horus123's ghost burns you.
Horus123's ghost attacks as you move away!
Horus123's ghost hits you but does no damage.
You feel stable enough to blink again.
Casting: Blink (safe; 1% risk of failure)
Confirm with . or Enter, or press ? or * to list all spells.
You blink.
Your magical contamination has completely faded away.
You feel stable enough to blink again. Horus123's ghost hits you.
Horus123's ghost burns you.
Casting: Blink (safe; 1% risk of failure)
Confirm with . or Enter, or press ? or * to list all spells.
You blink.
You feel stable enough to blink again.
Casting: Blink (safe; 1% risk of failure)
Confirm with . or Enter, or press ? or * to list all spells.
You blink.
Horus123's ghost attacks as you move away!
Horus123's ghost hits you!
* * * LOW HITPOINT WARNING * * *
Horus123's ghost burns you.
* * * LOW HITPOINT WARNING * * *
Casting: Blink (safe; 1% risk of failure)
Confirm with . or Enter, or press ? or * to list all spells.
Okay, then.
Horus123's ghost attacks as you move away!
Horus123's ghost hits you!
* * * LOW HITPOINT WARNING * * *
Horus123's ghost burns you.
You die...

.........## #....)...###.##
..######## ##.........##..# ..#
#...........##.## ..###
#.......>....##[## ....######
##............#..## .........#
#............##..#### ...<.....##
#.............##....#
.........>####..W........###.....
.....>......##..@........##......
..................<.....###......
.......................###.......
.....(................####)#.....
.......................##<.#.....
............>.............##.....
###..........#............###....
# ##########.###.........## #....
# #.....##........## ##...


You could see horus123's ghost.

Vanquished Creatures
  A dancing weapon (D:8)
  A manticore (D:7)
  Maggie (D:8)
  Psyche (D:8)
  Grinder (D:4)
  Prince Ribbit (D:7)
  A tarantella (shapeshifter) (D:8)
  A vampire (D:8)
  Sigmund (D:2)
  2 wyverns (D:7)
  A steam dragon (D:8)
  Edmund (D:4)
  4 water moccasins
  A black bear (D:5)
  The ghost of sammy202020 the Skirmisher, an amateur PaBe of Trog (D:3)
  An ogre (D:4)
  A kobold brigand (D:7)
  2 necrophages
  2 bullfrogs
  A gnoll sergeant (D:7)
  2 scorpions
  8 howler monkeys
  An electric eel (D:7)
  Crazy Yiuf (D:7)
  A hound (D:6)
  5 orc priests
  A gnoll shaman (D:6)
  Jessica (D:3)
  2 iguanas
  Terence (D:2)
  7 orc wizards
  3 adders
  13 gnolls
  A shadow imp (D:8)
  An ufetubus (D:5)
  A worm (D:3)
  A dart slug (D:3)
  28 orcs
  14 ball pythons
  10 endoplasms
  3 giant cockroaches
  10 goblins
  7 hobgoblins
  15 kobolds
  4 quokkas
  6 bats
  4 frilled lizards
  9 rats
186 creatures vanquished.

Notes
Turn   | Place    | Note
-------+----------+-------------------------------------------
     0 | D:1      | pokeman the Deep Elf Hedge Wizard began the quest for the
                  | Orb.
     0 | D:1      | Reached XP level 1. HP: 10/10 MP: 7/7
   344 | D:1      | Reached XP level 2. HP: 9/15 MP: 3/9
   980 | D:1      | Reached skill level 5 in Spellcasting
  1313 | D:1      | Reached XP level 3. HP: 20/20 MP: 5/11
  1320 | D:1      | Learned a level 3 spell: Mephitic Cloud
  1323 | D:1      | Learned a level 2 spell: Call Imp
  1326 | D:1      | Learned a level 2 spell: Blink
  1330 | D:1      | Learned a level 3 spell: Conjure Flame
  1865 | D:2      | Reached skill level 1 in Fighting
  2261 | D:2      | Reached skill level 1 in Armour
  2305 | D:2      | Noticed Sigmund
  2318 | D:2      | Noticed Terence
  2325 | D:2      | Killed Sigmund
  2326 | D:2      | Reached XP level 4. HP: 15/25 MP: 3/13
  2326 | D:2      | Reached XP level 5. HP: 18/29 MP: 3/14
  2343 | D:2      | Killed Terence
  2344 | D:2      | Reached skill level 5 in Conjurations
  2898 | D:3      | Found a runed translucent door.
  2906 | D:3      | Noticed sammy202020's ghost (amateur PaBe)
  3215 | D:3      | Reached skill level 1 in Fire Magic
  3215 | D:3      | Reached XP level 6. HP: 34/34 MP: 9/16
  3411 | D:3      | Noticed Jessica
  3419 | D:3      | Killed Jessica
  3790 | D:3      | Killed sammy202020's ghost
  3791 | D:3      | Reached skill level 6 in Spellcasting
  3791 | D:3      | Reached skill level 1 in Air Magic
  4025 | D:4      | Found a bloodstained altar of Trog.
  4479 | D:4      | You fall into a shaft and drop 1 floor!
  4479 | D:5      | Entered Level 5 of the Dungeon
  4491 | D:4      | Noticed Grinder
  4500 | D:4      | Paralysed by Grinder for 4 turns
  4522 | D:4      | Killed Grinder
  4523 | D:4      | Reached skill level 7 in Spellcasting
  4523 | D:4      | Reached skill level 1 in Poison Magic
  4523 | D:4      | Reached XP level 7. HP: 38/38 MP: 12/19
  4915 | D:4      | Found a hazy altar of Hepliaklqana.
  5004 | D:4      | Noticed Edmund
  5014 | D:4      | Killed Edmund
  5165 | D:5      | Reached skill level 8 in Spellcasting
  5231 | D:5      | Reached XP level 8. HP: 43/43 MP: 15/22
  5500 | D:5      | Identified the ring "Utaowir" {Wiz +Blink Dex+2 Slay+3}
  5935 | D:6      | Found a shadowy altar of Dithmenos.
  6117 | D:6      | Reached skill level 1 in Ice Magic
  6252 | D:6      | Identified the +10 short sword "Leviticus" {antimagic,
                  | Will++}
  6284 | D:6      | Found a staircase to the Ecumenical Temple.
  6298 | Temple   | Entered the Ecumenical Temple
  6795 | D:7      | Reached skill level 9 in Spellcasting
  6810 | D:7      | Reached skill level 1 in Evocations
  6810 | D:7      | Noticed a manticore
  6822 | D:7      | Killed a manticore
  7025 | D:7      | Reached skill level 10 in Spellcasting
  7025 | D:7      | Reached XP level 9. HP: 48/48 MP: 25/25
  7061 | D:7      | Found Xuesi's Book Shop.
  7566 | D:7      | Reached skill level 11 in Spellcasting
  7703 | D:7      | Noticed Prince Ribbit
  7714 | D:7      | Killed Prince Ribbit
  7715 | D:7      | Reached skill level 5 in Fire Magic
  7944 | D:7      | Found a shimmering altar of Xom.
  7945 | D:7      | Found a shimmering altar of Xom.
  8075 | D:7      | Found a runed translucent door.
  8076 | D:7      | Noticed Crazy Yiuf
  8298 | D:7      | Found a shimmering blue altar of Sif Muna.
  8615 | D:7      | Killed Crazy Yiuf
  8716 | D:8      | Found a snail-covered altar of Cheibriados.
  8736 | D:8      | Noticed Psyche
  8915 | D:8      | Killed Psyche
  9207 | D:8      | Reached skill level 12 in Spellcasting
  9226 | D:8      | Reached XP level 10. HP: 54/56 MP: 28/28
  9382 | D:8      | Learned a level 4 spell: Airstrike
  9476 | D:8      | Noticed Maggie
  9497 | D:8      | Killed Maggie
  9752 | D:8      | Found a runed translucent door.
  9752 | D:8      | Found a shimmering altar of Xom.
  9752 | D:8      | Noticed horus123's ghost (journeyman HuFi)
  9752 | D:8      | Noticed a +0 war axe of chaos
 10021 | D:8      | Killed a +0 war axe of chaos
 10039 | D:8      | HP: 2/56 [horus123's ghost (9)]
 10039 | D:8      | Slain by horus123's ghost

Illustrated notes

Levels and vault maps discovered:
D:1:      lemuel_arrival_behind_the_door_small, layout_basic, roderic_lattice_a
D:2:      layout_loops_ring, chequers_serial_rivers_small_3, kennysheep_potato,
          uniq_sigmund, uniq_terence
D:3:      layout_basic, hellmonk_ghost_happy_afterlife, kennysheep_jessica_study
D:4:      layout_loops_ring, lemuel_tele_altar, mainiacjoe_overflow_alcove_1,
          uniq_grinder, uniq_edmund
D:5:      layout_gridville
D:6:      layout_basic, nicolae_dithmenos_the_darkroom,
          minmay_temple_entry_glass
D:7:      layout_layer_cave, lemuel_coloured_pillars_altar, xom_redecorated,
          serial_shops, shop_statue, minivault_14, uniq_prince_ribbit1,
          uniq_crazy_yiuf_cottage
D:8:      layout_cave_pods, nicolae_overflow_crystal_walls, ebering_ghost_xom,
          uniq_maggie, uniq_psyche
Temple:   eino_temple_lava

Skill      XL: |  1  2  3  4  5  6  7  8  9 10 |
---------------+-------------------------------+-----
Spellcasting   | 5 7 8 10 12 | 12.8
Fighting       | 1 2 3 |  3.6
Armour         | 1 2 3 |  3.0
Conjurations   | 4 5 6 7 8 |  8.6
Fire Magic     | 1 4 5 6 |  6.3
Dodging        | 3 |  3.0
Air Magic      | 1 |  1.0
Stealth        | 3 4 |  4.0
Poison Magic   | 1 2 |  2.0
Ice Magic      | 1 |  1.0
Evocations     | 1 |  1.0
Summonings     | |  1.1
Translocations | |  1.1

Action                   |  1- 3 |  4- 6 |  7- 9 | 10-12 || total
-------------------------+-------+-------+-------+-------++-------
Melee: Dagger            |    11 |     9 |       |       ||    20
       War axe           |       |    13 |    11 |       ||    24
       Punch             |       |     1 |       |       ||     1
       Flail             |       |       |    46 |       ||    46
       Staff             |       |       |     1 |     5 ||     6
 Cast: Magic Dart        |   105 |   107 |   204 |    12 ||   428
       Conjure Flame     |     2 |     4 |    26 |     6 ||    38
       Mephitic Cloud    |     1 |     4 |    33 |     3 ||    41
       Blink             |       |     1 |     2 |     5 ||     8
       Call Imp          |       |     1 |     3 |     2 ||     6
       Airstrike         |       |       |       |    12 ||    12
 Stab: Confused          |     1 |     3 |    13 |       ||    17
Armor: Robe              |     5 |       |       |       ||     5
       Leather armour    |       |     2 |    14 |       ||    16
       Steam dragon scal |       |       |       |     2 ||     2
Dodge: Dodged            |    11 |     7 |    48 |     4 ||    70

Table legend: (Time is in decaauts)
 A = Elapsed time spent in this place.
 B = Non-inter-level travel time spent in this place.
 C = Inter-level travel time spent in this place.
 D = Time resting spent in this place.
 E = Time spent auto-exploring this place.
 F = Levels seen in this place.
 G = Mean time per level.
                   A        B        C        D        E       F      G
               +--------+--------+--------+--------+--------+-----+--------+
         Total |  10069 |   9837 |    232 |    359 |   7942 |   9 | 1118.8 |
       Dungeon |   9988 |   9762 |    226 |    359 |   7891 |   8 | 1248.5 |
        Temple |     81 |     75 |      6 |      0 |     51 |   1 |   81.0 |
               +--------+--------+--------+--------+--------+-----+--------+

Top non-repeatable levels by time:
     D:7: 2319 daAuts
     D:1: 1536 daAuts
     D:2: 1268 daAuts
     D:3: 1214 daAuts
     D:8: 1159 daAuts
     D:4: 1133 daAuts
     D:5: 731 daAuts
     D:6: 625 daAuts
  Temple: 81 daAuts
